 Dungeon Crawl Stone Soup version 0.25-a0-425-g0e000e855e (webtiles) character file.

Game seed: 1677609805623632969, levelgen mode: deterministic

7285 HessuHobo the Cleaver (level 10, -5/90 HPs)
             Began as a Minotaur Berserker on Jan 24, 2020.
             Was a High Priest of Trog.
             Slain by a two-headed ogre
             ... wielding a +0 giant club
              (14 damage)
             ... on level 10 of the Dungeon.
             The game lasted 00:30:44 (11758 turns).

HessuHobo the Cleaver (Minotaur Berserker)         Turns: 11758, Time: 00:30:44

Health: -5/90      AC: 13    Str: 26    XL:     10   Next: 89%
Magic:  0/9        EV: 13    Int:  4    God:    Trog [*****.]
Gold:   338        SH:  0    Dex: 13    Spells: 9/9 levels left

rFire    . . .     SeeInvis +   L - +8 dire flail of Intimidation {flame, rPois Dex+4}
rCold    + + .     Gourm    .   (shield currently unavailable)
rNeg     . . .     Faith    .   I - +3 ring mail {rF+}
rPois    +         Spirit   +   (helmet restricted)
rElec    .         Reflect  .   H - +2 cloak
rCorr    .         Harm     .   (no gloves)
MR       .....                  (no boots)
Stlth    ++........             e - amulet of guardian spirit
HPRegen  0.25/turn              N - ring "Gaif" {rC+ SInv Stlth+}
MPRegen  0.11/turn              R - ring of ice

@: berserk cooldown, slowed, very slow
A: retaliatory headbutt, horns 2
a: Berserk, Trog's Hand, Brothers in Arms, Renounce Religion


You were on level 10 of the Dungeon.
You worshipped Trog.
Trog was extremely pleased with you.
You were hungry.

You visited 1 branch of the dungeon, and saw 10 of its levels.

You collected 470 gold pieces.
You spent 132 gold pieces at shops.

Inventory:

Hand Weapons
 a - a +0 hand axe
 t - a +2 dagger of chaos
 E - a +0 war axe
 J - a +3 vorpal short sword
 L - the +8 dire flail of Intimidation (weapon) {flame, rPois Dex+4}
   (Trog gifted it to you on level 9 of the Dungeon)

   It has been specially enchanted to burn those struck by it, causing extra
   injury to most foes and up to half again as much damage against particularly
   susceptible opponents.
   It affects your dexterity (+4).
   It protects you from poison.
Armour
 b - a +0 animal skin
 k - a +0 ring mail
 l - a +0 cloak
 r - a +0 shield
 x - a +2 robe of positive energy
 y - the +1 helmet of the Dice {MR- rCorr SInv}
   (You took it off Robin on level 4 of the Dungeon)

   It affects your resistance to hostile enchantments.
   It lets you see invisible.
   It provides partial protection from all sources of acid and corrosion.
 F - a +0 plate armour
 H - a +2 cloak (worn)
 I - a +3 ring mail of fire resistance (worn)
 M - a +0 chain mail
 O - a +0 troll leather armour
Jewellery
 e - an amulet of guardian spirit (around neck)
 N - the ring "Gaif" (left hand) {rC+ SInv Stlth+}
   (You found it on level 8 of the Dungeon)

   [ring of stealth]

   It protects you from cold.
   It lets you see invisible.
   It makes you more stealthy.
 R - a ring of ice (right hand)
Wands
 j - a wand of flame (45)
 P - a wand of disintegration (14)
 Q - a wand of digging (6)
Scrolls
 d - 6 scrolls of remove curse
 f - 3 scrolls of magic mapping
 o - a scroll of enchant weapon
 p - a scroll of blinking
 q - 3 scrolls of amnesia
 w - 2 scrolls of enchant armour
 z - a scroll of fog {unknown}
 B - 2 scrolls of immolation {unknown}
 C - 2 scrolls of noise
 G - 5 scrolls of teleportation
 K - a scroll of silence {unknown}
Potions
 g - a potion of haste {unknown}
 h - 4 potions of might
 i - 4 potions of heal wounds {unknown}
 m - a potion of cancellation {unknown}
 n - 2 potions of mutation
 s - 2 potions of lignification
 u - 3 potions of resistance
 v - 5 potions of curing
 A - a potion of ambrosia {unknown}
 D - 2 potions of agility {unknown}
Comestibles
 c - 9 rations


   Skills:
 + Level 8.5 Fighting
 - Level 13.9(14.1) Axes
 * Level 3.2(9.8) Maces & Flails
 + Level 8.0 Armour
 + Level 4.7 Dodging
 - Level 7.1 Shields


You had 9 spell levels left.
You didn't know any spells.
Your spell library was empty.

Dungeon Overview and Level Annotations

Branches:
Dungeon (10/15)            Temple (0/1) D:4             Orc (0/2) D:9
   Lair: D:8-11

Altars:
Ashenzari
Cheibriados
Dithmenos
Elyvilon
Makhleb
Okawaru
Ru
Sif Muna
Vehumet
Wu Jian
Xom
Yredelemnul
The Shining One

Shops:
D:4 :   D:7 ?


Innate Abilities, Weirdness & Mutations

You reflexively headbutt those who attack you in melee.
You have a pair of horns on your head.


Message History

A red film seems to cover your vision as you go berserk!
You feel yourself moving faster!
You feel mighty!
You are feeling hungry.
The two-headed ogre misses you.
The two-headed ogre hits you with a +0 giant club!
* * * LOW HITPOINT WARNING * * *
The two-headed ogre hits you with a +0 giant club!
* * * LOW HITPOINT WARNING * * *
The two-headed ogre barely misses you.
You feel a strong urge to attack something.
Items here: ) [ †† a +0 trident; a +0 plate armour; an adder corpse; an orc corpse You feel your anger nearly subside.
You are no longer berserk.
You are exhausted.
You feel as though you will be slow longer.
Things that are here:
a +0 giant club; a +0 giant spiked club The two-headed ogre misses you.
The two-headed ogre hits you with a +0 giant club!
You die...

#####
##...##
##.....##
#.......#
#.......#
#....@..#
##...O.##
#.......#
#..s.)).#
#.)..))(#
##...<.##
#........#
#....##....#
#....
..[....


You could see a two-headed ogre and a scorpion.

Vanquished Creatures
  A two-headed ogre (D:10)
  Joseph (D:9)
  A troll (D:9)
  2 hippogriffs (D:8)
  2 wyverns (D:8)
  A wraith (D:10)
  A hungry ghost (D:8)
  A yak (D:8)
  3 hogs (D:8)
  A human (D:8)
  A water moccasin (D:7)
  5 orc warriors
  4 ice beasts
  An eye of draining (D:9)
  2 sky beasts
  A phantom (D:8)
  A hornet zombie (D:7)
  An ogre (D:9)
  2 centaurs
  A crocodile (D:8)
  A big kobold (D:9)
  2 bullfrogs
  A gnoll sergeant (D:7)
  A wyvern zombie (D:9)
  4 wights (D:9)
  6 killer bees (D:7)
  2 scorpions
  2 electric eels (D:9)
  6 howler monkeys
  2 crimson imps
  2 quasits
  A bullfrog zombie (D:7)
  8 orc priests
  2 centaur skeletons
  4 bullfrog skeletons
  A hound (D:9)
  3 jellies
  12 orc wizards
  Jessica (D:3)
  Ijyb (D:2)
  Natasha (twice) (D:2)
  2 iguanas
  3 worker ants
  A hound zombie (D:9)
  Robin (D:4)
  13 gnolls
  A howler monkey skeleton (D:6)
  9 adders
  4 river rats (D:5)
  2 oozes
  An adder zombie (D:3)
  2 adder skeletons
  3 worms
  2 dart slugs
  3 leopard geckos
  49 orcs
  A ball python (D:2)
  4 bats (D:2)
  9 giant cockroaches
  18 goblins
  12 hobgoblins
  6 jackals
  12 kobolds
  2 quokkas
  5 frilled lizards
  A giant cockroach zombie (D:5)
  A jackal skeleton (D:7)
  A jackal zombie (D:5)
  7 rats
272 creatures vanquished.

Notes
Turn   | Place    | Note
-------+----------+-------------------------------------------
     0 | D:1      | HessuHobo the Minotaur Berserker began the quest for the
                  | Orb.
     0 | D:1      | Reached XP level 1. HP: 19/19 MP: 0/0
   427 | D:1      | Reached XP level 2. HP: 27/27 MP: 1/1
   626 | D:1      | Reached skill level 4 in Axes
   827 | D:2      | Found a basalt altar of Yredelemnul.
   890 | D:2      | Noticed Natasha
   896 | D:2      | Killed Natasha
   896 | D:2      | Reached XP level 3. HP: 23/33 MP: 2/2
  1226 | D:2      | Noticed Ijyb
  1246 | D:2      | Killed Ijyb
  1246 | D:2      | Reached skill level 5 in Axes
  1246 | D:2      | Reached XP level 4. HP: 20/40 MP: 3/3
  1811 | D:2      | Reached ** piety under Trog
  1839 | D:2      | Noticed Natasha
  1845 | D:2      | Killed Natasha
  2291 | D:3      | Found a white marble altar of Elyvilon.
  2297 | D:3      | Reached XP level 5. HP: 46/47 MP: 4/4
  2298 | D:3      | Found an iron altar of Okawaru.
  2564 | D:3      | Reached skill level 6 in Axes
  3017 | D:3      | Found a burning altar of Makhleb.
  3021 | D:3      | Found a shimmering altar of Xom.
  3133 | D:3      | Reached XP level 6. HP: 53/53 MP: 5/5
  3134 | D:3      | Found a shadowy altar of Dithmenos.
  3395 | D:3      | Noticed Jessica
  3401 | D:3      | Killed Jessica
  3551 | D:4      | Identified the +1 helmet of the Dice {MR- rCorr SInv}
  3551 | D:4      | Noticed Robin
  3564 | D:4      | Reached skill level 1 in Shields
  3571 | D:4      | Killed Robin
  3571 | D:4      | Reached *** piety under Trog
  3571 | D:4      | Reached skill level 7 in Axes
  3596 | D:4      | Reached skill level 5 in Fighting
  3696 | D:4      | Reached XP level 7. HP: 49/61 MP: 6/6
  4060 | D:4      | Found a sacrificial altar of Ru.
  4294 | D:4      | Found Hyinask's Book Boutique.
  4557 | D:4      | Found a staircase to the Ecumenical Temple.
  4830 | D:5      | Entered Level 5 of the Dungeon
  4910 | D:5      | Reached skill level 8 in Axes
  5577 | D:5      | Found a snail-covered altar of Cheibriados.
  5590 | D:5      | Found a shimmering blue altar of Sif Muna.
  5593 | D:5      | Found a shattered altar of Ashenzari.
  5596 | D:5      | Found a radiant altar of Vehumet.
  5606 | D:5      | Reached skill level 9 in Axes
  5606 | D:5      | Reached XP level 8. HP: 44/69 MP: 7/7
  5874 | D:5      | Found a glowing golden altar of the Shining One.
  6246 | D:5      | Reached skill level 5 in Armour
  6656 | D:6      | Reached **** piety under Trog
  7653 | D:7      | Reached skill level 10 in Axes
  7906 | D:7      | Reached XP level 9. HP: 54/77 MP: 8/8
  8332 | D:7      | Reached skill level 11 in Axes
  8584 | D:7      | Found Giqannob's Magic Scroll Boutique.
  8985 | D:7      | Bought a scroll of identify for 22 gold pieces
  8985 | D:7      | Bought a scroll of identify for 22 gold pieces
  8985 | D:7      | Bought a scroll of teleportation for 33 gold pieces
  8985 | D:7      | Bought a scroll of identify for 22 gold pieces
  8985 | D:7      | Bought a scroll of teleportation for 33 gold pieces
  9168 | D:8      | Reached skill level 5 in Shields
  9357 | D:8      | Found an ornate altar of the Wu Jian Council.
  9390 | D:8      | Reached skill level 12 in Axes
  9391 | D:8      | Reached ***** piety under Trog
  9391 | D:8      | Received a gift from Trog
  9543 | D:8      | Reached XP level 10. HP: 40/86 MP: 5/9
 10277 | D:8      | Got a crude copper ring
 10445 | D:9      | Noticed Joseph
 10482 | D:9      | Killed Joseph
 10482 | D:9      | Reached skill level 13 in Axes
 10880 | D:9      | Identified the ring "Gaif" {rC+ SInv Stlth+} (You found it
                  | on level 8 of the Dungeon)
 11248 | D:9      | Found a staircase to the Orcish Mines.
 11597 | D:9      | Received a gift from Trog
 11705 | D:9      | Got a dazzling dire flail {god gift}
 11713 | D:9      | Identified the +8 dire flail of Intimidation {flame, rPois
                  | Dex+4} (Trog gifted it to you on level 9 of the Dungeon)
 11718 | D:10     | Entered Level 10 of the Dungeon
 11718 | D:10     | Noticed a two-headed ogre
 11729 | D:10     | Killed a two-headed ogre
 11746 | D:10     | Noticed a two-headed ogre
 11758 | D:10     | Slain by a two-headed ogre

Levels and vault maps discovered:
D:1:      dpeg_arrival_tiny_h, layout_loops_ring
D:2:      kennysheep_the_goblin_king, layout_basic, yredelemnul_altar_generic,
          minmay_split_cup_small, uniq_natasha
D:3:      layout_loops_corners, grunt_temple_overflow_champion_of_chaos,
          nicolae_dithmenos_through_a_glass_darkly,
          gammafunk_temple_overflow_pools, first_ration, uniq_jessica
D:4:      layout_layer_cave, nicolae_ru_path_of_blood,
          minmay_temple_entry_slanted, serial_shops, kennysheep_mini_moat,
          uniq_robin
D:5:      layout_basic, grunt_temple_overflow_cloverleaf, tso_oasis_becter,
          lightli_sewer_entry_pipes, hangedman_decor_push
D:6:      layout_gridville
D:7:      layout_basic, serial_shops, nicolae_shop_competitors_out_of_business
D:8:      layout_basic, kennysheep_little_box, grunt_livestock
D:9:      layout_rooms, erik_orc_2, uniq_joseph
D:10:     minmay_curly_fans, layout_rooms, minmay_lair_entry_grove

Skill      XL: |  1  2  3  4  5  6  7  8  9 10 |
---------------+-------------------------------+-----
Axes           | 4 5 6 7 9 10 12 13 | 13.9
Fighting       | 4 5 6 7 8 |  8.5
Dodging        | 3 4 |  4.7
Armour         | 3 4 6 7 8 |  8.0
Shields        | 1 2 4 6 7 |  7.1
Maces & Flails | 3 |  3.2

Action                   |  1- 3 |  4- 6 |  7- 9 | 10-12 || total
-------------------------+-------+-------+-------+-------++-------
Melee: Hand axe          |    64 |   174 |   236 |       ||   474
       Headbutt          |    13 |    39 |    88 |    29 ||   169
       War axe           |       |       |   224 |   161 ||   385
       Dire flail        |       |       |       |    22 ||    22
Invok: Berserk           |     1 |     1 |     1 |     2 ||     5
       Trog's Hand       |       |     1 |     1 |       ||     2
  Use: Scroll            |       |       |    10 |     3 ||    13
       Potion            |       |       |       |     1 ||     1
 Stab: Sleeping          |     1 |       |       |       ||     1
       Invisible         |       |     1 |       |       ||     1
  Eat: Ration            |       |     3 |     6 |     2 ||    11
       Chunk             |       |     2 |     3 |       ||     5
Armor: Animal skin       |    19 |     1 |       |       ||    20
       Ring mail         |       |    50 |    60 |    31 ||   141
       Plate armour      |       |       |   120 |    11 ||   131
Dodge: Dodged            |    55 |    60 |   134 |    69 ||   318
Block: Shield            |       |    46 |   219 |    76 ||   341

Table legend:
 A = Non-vault XP
 B = Vault XP
 C = Vault XP percentage of total XP
 D = Non-vault monster count
 E = Vault monster count
 F = Vault count percentage of total count
                 A         B        C        D         E       F
            +---------+---------+-------+---------+---------+-------
      Total |    8110 |    2298 |  22.1 |     216 |      56 |  20.6
            +---------+---------+-------+---------+---------+-------
        D:1 |      19 |       0 |   0.0 |      11 |       0 |   0.0
        D:2 |      66 |      86 |  56.6 |      17 |      11 |  39.3
        D:3 |     176 |      85 |  32.6 |      31 |       2 |   6.1
        D:4 |     478 |      36 |   7.0 |      23 |      11 |  32.4
        D:5 |     601 |      79 |  11.6 |      19 |       9 |  32.1
        D:6 |     313 |       0 |   0.0 |      10 |       0 |   0.0
        D:7 |    1675 |       0 |   0.0 |      47 |       0 |   0.0
        D:8 |    1736 |     975 |  36.0 |      23 |       5 |  17.9
        D:9 |    1691 |    1037 |  38.0 |      27 |      18 |  40.0
       D:10 |    1355 |       0 |   0.0 |       8 |       0 |   0.0
            +---------+---------+-------+---------+---------+-------
